[Event "*** Titled Tuesday 3|2 Blitz"]
[Site "Chess.com"]
[Date "2016.06.07"]
[Round "9"]
[White "Aguiar94"]
[Black "SloLev"]
[Result "0-1"]
[WhiteElo "2333"]
[BlackElo "2115"]
[TimeControl "180+2"]
[EndTime "12:54:44 PDT"]
[Termination "SloLev won on time"]

1. e4 c5 2. Nf3 e6 3. d4 cxd4 4. Nxd4 a6 5. Bd3 Qc7 6. O-O Nf6 7. Qe2 d6 8. c4 Be7 9. Nc3 O-O 10. f4 Nbd7 11.
f5 Ne5 12. Be3 Bd7 13. Rac1 Rac8 14. Bb1 Qxc4 15. Nd5 exd5 16. Rxc4 dxc4 17. h3 Rfe8 18. Rc1 b5 19. Qd2 Bf8 20. Qa5 Nd3 21. Bxd3 cxd3 22. Rxc8 Bxc8 23. Qd2 Rxe4 24. Qxd3 d5 25. Bf2 Bd6 26. g4 h6 27. Kg2 Bd7 28. Bh4 Nxg4 29. hxg4 Rxg4+ 30. Kh3 g6 31. Bf6 Re4 32. Kg2 h5 33.
Qc3 h4 34. Qa5 Bf8 35. Qxa6 Bxf5 36. Nxf5 gxf5 37. Qxb5 Rg4+ 38. Kh1 Kh7 39. Qxd5 Kg6 40. Bc3 Re4 41. a4 Bh6 42. a5 Be3 43. a6 Rg4 44. Qc6+ Kh5 45. Qf6 h3 46. Qxf5+ Bg5 47. a7 Ra4 48. Qxf7+ Kh4 49. Qh7+ Kg3 50. Qd3+ Kg4 0-1

[Event "*** Titled Tuesday 3|2 Blitz"]
[Site "Chess.com"]
[Date "2016.06.07"]
[Round "9"]
[White "annakantane"]
[Black "Abrito99"]
[Result "1-0"]
[WhiteElo "2346"]
[BlackElo "2386"]
[TimeControl "180+2"]
[EndTime "12:54:46 PDT"]
[Termination "annakantane won on time"]

1. e4 e6 2. c4 d5 3. cxd5 exd5 4.
exd5 Qxd5 5. Nc3 Qd8 6. Nf3 Nf6 7. d4 Be7 8. Bd3 O-O 9. O-O c6 10. h3 Nbd7 11. Re1 Re8 12. Bc2 Nf8 13. Bg5 Be6 14. Ne5 Nd5 15. Bxe7 Qxe7 16. Qf3 Rad8 17. Rad1 Qf6 18. Qg3 Qf4 19. Qxf4 Nxf4 20. Ne4 Bd5 21. Kh2 f6 22. Nf3 b6 23. Kg3 N4e6 24. a3 Nc7 25. h4 Bf7 26. Nc3 Nfe6 27. Be4 Rd6 28. Rd2 Red8 29. Red1 Nf8 30. Bf5 Nd5 31. Ne4 Ne7 32.
Nxd6 Rxd6 33. Be4 f5 34. Bb1 Bh5 35. Re1 Nd5 36. Ne5 f4+ 37. Kh2 Be8 38. Ba2 g6 39. Rc2 Kg7 40. Nd3 Bd7 41. Bxd5 Rxd5 42. Nxf4 Rxd4 43. Kg3 c5 44. Ree2 Bf5 45. Rcd2 Kf6 46. Nd5+ Kg7 47. Re7+ Kh6 48. Rxd4 cxd4 49. f3 Ne6 50. Kf2 g5 51. hxg5+ Kxg5 52. g4 Bg6 53. Rxe6 d3 54. Rd6 1-0

[Event "*** Titled Tuesday 3|2 Blitz"]
[Site "Chess.com"]
[Date "2016.06.07"]
[Round "9"]
[White "GeorgMeier"]
[Black "kpio91"]
[Result "1-0"]
[WhiteElo "2706"]
[BlackElo "2534"]
[TimeControl "180+2"]
[EndTime "12:54:59 PDT"]
[Termination "GeorgMeier won by resignation"]

1. Nf3 d5 2. g3 Nc6 3. d4 Bg4 4. Bg2 e6 5. Nbd2 Nf6 6. h3 Bh5 7. O-O Bd6 8. c3 O-O 9. Re1 Re8 10. Qb3 Na5 11. Qa4 Nc6 12. e4 dxe4 13. Nxe4 Nxe4 14.
Rxe4 Bg6 15. Re1 e5 16. Bg5 Qd7 17. Be3 e4 18. Nh4 f5 19. Nxg6 hxg6 20. Rad1 a6 21. c4 Ne5 22. Qb3 Nd3 23. c5+ Kh7 24. Rxd3 exd3 25. cxd6 Qxd6 26. Qxd3 c6 27. Bf3 Rad8 28. Kg2 Qb4 29. Re2 Qd6 30. Bf4 Qb4 31. Be5 Qc5 32.
Qe3 Qe7 33. h4 Qf7 34. Qg5 Rd7 35. h5 Re6 36. a3 gxh5 37. Bxh5 Qf8 38. Re1 Rh6 39.
Bf3 Re7 40. b4 Ree6 41. Qf4 Reg6 42. Rh1 Rxh1 43. Kxh1 Rh6+ 44. Kg2 Qc8 45. Qg5 Qd7 46. Kg1 Rg6 47. Qe3 Rh6 48. Qd3 Kg8 49. Qc4+ Kh7 50.
d5 cxd5 51. Qxd5 Qc8 52. Bf4 Rc6 53. Kg2 Rc3 54. a4 Rc4 55. Bd6 Rc6 56. a5 Qd7 57.
Bc5 Qxd5 58. Bxd5 Rc7 59. Kf3 Kg6 60. Kf4 Rd7 61. Ke5 Kg5 62. Ke6 Rc7 63. Kd6 1-0

[Event "*** Titled Tuesday 3|2 Blitz"]
[Site "Chess.com"]
[Date "2016.06.07"]
[Round "9"]
[White "Ksenia_Legenko"]
[Black "VMikhalevski"]
[Result "0-1"]
[WhiteElo "2040"]
[BlackElo "2409"]
[TimeControl "180+2"]
[EndTime "12:56:34 PDT"]
[Termination "VMikhalevski won by resignation"]

1. d4 Nf6 2. c4 g6 3. Nc3 d5 4. Qa4+ Bd7 5. Qb3 dxc4 6. Qxc4 Bg7 7. Bf4 Na6 8. e4 O-O 9. Nf3 c5 10. dxc5 Qa5 11. Be2 Qxc5 12. Qb3 Qb6 13. Qxb6 axb6 14. O-O Nc5 15. Nd2 Bc6 16. f3 Nfd7 17. Be3 Ne5 18. Nc4 Nxc4 19. Bxc4 Bxc3 20. bxc3 Ra4 21. Bb3 Ra3 22.
Rab1 Rd8 23. Bd4 Kf8 24. Rfd1 Nxb3 25. axb3 b5 26. Rb2 f6 27. Re1 Kf7 28. e5 f5 29. b4 Ke6 30. Ree2 Bd5 31. Kf2 f4 32.
Red2 Rda8 33. Rd1 Ra1 34. Rxa1 Rxa1 35. Rd2 Bc4 36. g3 g5 37. gxf4 gxf4 38. Bc5 Rc1 39. Bd4 h5 40. Kg2 Bd5 41. Rf2 Rd1 42. Kh3 Rd3 43.
Kg2 h4 44. h3 Kf5 45. Rf1 e6 46. Rf2 Bb3 47. Rb2 Bd1 48. Rf2 Kg5 49. Rf1 Be2 50. Rf2 Bd1 51. Rf1 Kg6 52. Rf2 Kf7 53. Rf1 Ke8 54. Rf2 Kd7 55. Rf1 Kc6 56. Rf2 Kd5 57. Rf1 Kc4 58. Rf2 Kb3 59. Rf1 Kc2 60. Rf2+ Kc1 61. Rf1 Kd2 62. Rf2+ Be2 63. Bc5 Rxc3 64. Be7 Ke3 65. Bxh4 Rc2 66. Kg1 Rc1+ 67. Kg2 Rc8 68. Bg5 Rg8 69. h4 Rg7 70. Kg1 Bxf3 71. Rf1 Bh5 72.
Rxf4 Rxg5+ 73. hxg5 Kxf4 74. Kf2 Kxe5 0-1

[Event "*** Titled Tuesday 3|2 Blitz"]
[Site "Chess.com"]
[Date "2016.06.07"]
[Round "9"]
[White "Iuri_Shkuro"]
[Black "aspired"]
[Result "1-0"]
[WhiteElo "2415"]
[BlackElo "2493"]
[TimeControl "180+2"]
[EndTime "12:56:58 PDT"]
[Termination "Iuri_Shkuro won by resignation"]

1. e4 e5 2. Nf3 d6 3. d4 exd4 4. Nxd4 Nf6 5. Nc3 Be7 6. Bf4 O-O 7. Qd2 d5 8. O-O-O Nxe4 9. Nxe4 dxe4 10. Nb5 Qxd2+ 11.
Rxd2 Na6 12. h4 c6 13. Nd6 Bxd6 14. Rxd6 Nc5 15. Be3 Ne6 16. g4 Rd8 17. Rxd8+ Nxd8 18. Rg1 Be6 19. b3 f6 20. Be2 Nf7 21. Rd1 b6 22.
g5 fxg5 23. hxg5 Rd8 24. Rg1 g6 25. Rh1 Ne5 26. Rh4 Bf5 27. a4 c5 28. Bf4 Nf3 29. Bc4+ Kg7 30. Rh1 Re8 31. Be3 Ne5 32. Bb5 Rd8 33.
Bd2 Nf3 34. Be3 Ne5 35. Bd2 Nf3 36. Be3 Be6 37. Be2 Rd7 38. Bb5 Rd8 39. Bc6 Bf5 40. Bb5 Be6 41. Bc6 Bf5 42. Bb5 Kg8 43. Bc4+ Kh8 44.
Bf4 Kg7 45. Be3 Ne5 46. Bb5 Be6 47. Bd2 Nf3 48. Bc3+ Nd4 49. Bc6 Bd5 50. Bb5 Kg8 51. Re1 Nxb5 52. axb5 Rd7 53. Re2 Kf7 54. Be5 Ke6 55.
Bf4 Kf5 56. Be3 Be6 57. Re1 Kg4 58. Rh1 Kf3 59. Rh4 Bf5 60. Rf4+ Ke2 61. Rh4 Rd1+ 62. Kb2 Rd7 63. Rh1 Bg4 64. Rh2 Kf3 65. Rh4 Bf5 66. Rf4+ Kg2 67. Rh4 Re7 68. Rf4 Re8 69. Rh4 Re6 70.
Rxh7 Rd6 71. Rxa7 Bd7 72. c4 Kf3 73. Rb7 Bc8 74. Re7 Bf5 75. Rf7 Ke2 76. Rf6 Rd3 77. Rxb6 Rxe3 78. fxe3 Kxe3 79. Rb7 Kf2 80. Re7 e3 81.
Kc3 1-0

[Event "*** Titled Tuesday 3|2 Blitz"]
[Site "Chess.com"]
[Date "2016.06.07"]
[Round "9"]
[White "Lukianoo"]
[Black "FairChess_on_YouTube"]
[Result "1/2-1/2"]
[WhiteElo "2630"]
[BlackElo "2716"]
[TimeControl "180+2"]
[EndTime "12:57:00 PDT"]
[Termination "Game drawn by repetition"]

1. e4 c6 2. d4 d5 3. e5 Bf5 4. h4 h5 5. Bg5 Qb6 6. Bd3 Bxd3 7. Qxd3 e6 8. Nc3 Qa6 9. Qd2 Nd7 10. Nge2 Ne7 11.
O-O-O b5 12. Qd3 Nb6 13. Kb1 Qb7 14. Ng3 b4 15. Nce2 a5 16. Nf4 g6 17. Bf6 Rg8 18.
Qb3 Nec8 19. Nge2 Na7 20. g4 Nb5 21. gxh5 gxh5 22. Rhg1 Rxg1 23. Rxg1 Nc4 24. Qd3 Nc3+ 25. Ka1 Ne4 26. Bg7 Be7 27. f3 Ned2 28. Nxh5 a4 29. Nf6+ Kd8 30. Bh6 b3 31. Bxd2 a3 32. cxb3 axb2+ 33. Kb1 Rxa2 34. Qc3 Ra1+ 35. Kc2 Rxg1 36.
Nxg1 Nxd2 37. Qxd2 Qxb3+ 38. Kxb3 b1=Q+ 39. Qb2 Qxg1 40. Ka2 Kc8 41. Qc3 Kb7 42. h5 Qh2+ 43. Qb2+ Qxb2+ 44. Kxb2 Bf8 45. Kc3 Kc8 46. Ng8 Bg7 47. h6 Bh8 48. h7 c5 49. dxc5 Bxe5+ 50. Kb4 Kd8 51. c6 Bg7 52. Nh6 Kc7 53. Kb5 d4 54. Kc4 f5 55. Nf7 Kxc6 56. h8=Q Bxh8 57. Nxh8 e5 58. Nf7 e4 59. f4 d3 60. Kc3 Kd5 61. Nh6 Ke6 62.
Kd2 Kf6 63. Ke3 Kg6 64. Ng8 Kf7 65. Nh6+ Ke6 66. Kd2 Kf6 67. Ke3 Kg6 68. Ng8 Kh5 69. Nf6+ Kh4 70. Nd5 Kg3 71. Nc3 Kg2 72. Nd1 Kf1 73. Kd2 Kg2 74. Ke3 Kf1 75. Kd2 Kg2 76.
Ke3 Kg1 77. Kd2 Kf1 78. Ne3+ Kf2 79. Nxf5 Kf3 80. Ne3 Kxf4 81. Nc4 Kf3 82. Ne3 Kf4 83. Nc4 Kf5 84. Ne3+ Ke5 85. Nc4+ Kd4 86. Ne3 Kc5 87. Nd1 Kd4 88. Ne3 Ke5 89. Nd1 Kd4 90. Ne3 Ke5 91.
Nd1 Kd4 92. Ne3 Ke5 1/2-1/2

[Event "*** Titled Tuesday 3|2 Blitz"]
[Site "Chess.com"]
[Date "2016.06.07"]
[Round "9"]
[White "Fandorine"]
[Black "platy3"]
[Result "1/2-1/2"]
[WhiteElo "2594"]
[BlackElo "2682"]
[TimeControl "180+2"]
[EndTime "12:59:19 PDT"]
[Termination "Game drawn by repetition"]

1. e4 c5 2. Ne2 e6 3. Nbc3 a6 4. d4 cxd4 5. Nxd4 Qc7 6. f4 b5 7.
Bd3 Bb7 8. Qe2 b4 9. Nd1 Nc6 10. Nxc6 Bxc6 11. Nf2 Qb7 12. Bd2 Nf6 13. O-O d5 14. e5 Ne4 15. Be3 Be7 16. Nxe4 dxe4 17. Bc4 g6 18. Rad1 O-O 19. Rd2 Rfd8 20. Rfd1 Rxd2 21. Rxd2 Bb5 22. b3 Qc6 23. Kf1 Bxc4 24. Qxc4 Qxc4+ 25. bxc4 Rc8 26. Rd4 Bc5 27. Rxe4 Bxe3 28.
Rxe3 Rxc4 29. a3 Rxf4+ 30. Ke2 Rc4 31. Kd2 a5 32. axb4 axb4 33. Kd3 Rc3+ 34. Kd2 Rc5 35. Re4 Kf8 36. Rxb4 Rxe5 37. Rb7 Rd5+ 38. Ke3 Ke8 39. c4 Rd7 40. Rb8+ Ke7 41. c5 Rd5 42. Rb7+ Kf6 43. Rc7 e5 44. c6 Rc5 45. h4 h5 46. g3 Ke6 47. Kf3 Rc3+ 48. Kf2 e4 49. Rc8 Kf5 50. c7 f6 51. Kg2 Rc2+ 52. Kh3 Rc1 53. Kg2 Kg4 54. Rf8 Rc2+ 55. Kf1 Rxc7 56. Rxf6 Kxg3 57. Rxg6+ Kf3 58. Rf6+ Ke3 59. Rf5 Rh7 60. Kg2 Kd3 61. Kf2 e3+ 62. Ke1 Ke4 63. Rg5 Kf4 64.
Ke2 Ra7 65. Rg8 Ra2+ 66. Ke1 Rh2 67. Rf8+ Kg3 68. Rg8+ Kxh4 69. Rg7 Kh3 70. Rg6 Rg2 71. Re6 Rg3 72. Ke2 h4 73. Rh6 Kg4 74. Rh8 h3 75.
Rh7 Kf4 76. Rh4+ Kg5 77. Rh8 Kf5 78. Rh5+ Kf4 79. Rh4+ Ke5 80. Rh8 Kf6 81. Rh6+ Kg7 82. Rh4 Kg6 83. Rh8 Kf5 84. Rh4 Kg5 85. Rh8 Kf6 86. Rh4 Kg7 87. Rh5 Kg6 88. Rh8 Kg5 89.
Rh7 Kg4 90. Rg7+ Kf4 91. Rf7+ Ke4 92. Re7+ Kd4 93. Rd7+ Ke5 94. Rh7 Kf4 95. Rh4+ Kf5 96. Rh8 Ke4 97. Rh4+ Kd5 98. Rh8 Kd4 99. Rh4+ Kc5 100.
Rh8 Kc6 101. Rh5 Kd7 102. Rh6 Ke7 103. Rh4 Kf6 104. Rh5 Kg7 105. Rh4 Kf7 106. Rh6 Kg7 107. Rh4 Kf6 108. Rh6+ Kf5 109. Rh4 Ke5 110. Rh5+ Kf4 111. Rh4+ Kf5 112. Rh8 Kg4 113. Rg8+ Kh4 114. Rh8+ Kg4 115. Rg8+ Kf4 116. Rf8+ Ke4 117. Re8+ Kd5 118. Rd8+ Ke5 119. Rh8 Kf4 120. Rh4+ 1/2-1/2